 Dungeon Crawl Stone Soup version 0.14-a0-426-gb52781e (webtiles) character file.

209 PolkaDot the Ruinous (level 4, 0/30 HPs)
             Began as a Vampire Conjurer on Oct 28, 2013.
             Slain by a rat (3 damage)
             ... on Level 2 of the Dungeon.
             The game lasted 00:06:54 (2185 turns).

PolkaDot the Ruinous (Vampire Conjurer)             Turns: 2185, Time: 00:06:54

HP   0/30        AC  2     Str 12      XL: 4   Next:  6%
MP   7/8         EV 12     Int 18      God:
Gold 137         SH  0     Dex 14      Spells:  2 memorised,  2 levels left

Res.Fire  : . . .   See Invis. : +   k - -1 dagger (curse)
Res.Cold  : . . .   Warding    : .   a - +0 robe
Life Prot.: . . .   Conserve   : .   (no shield)
Res.Poison: .       Res.Corr.  : .   (helmet restricted)
Res.Elec. : .       Clarity    : .   (no cloak)
Sust.Abil.: . .     Spirit.Shd : .   (no gloves)
Res.Mut.  : .       Stasis     : .   (no boots)
Res.Rott. : .       Flight     : .   (no amulet)
Saprovore : . . .                    (no ring)
                                     (no ring)

@: regenerating quickly, mighty, slightly resistant to hostile enchantments,
stealthy
A: antennae 1, fangs 3, see invisible, unbreathing
a: no special abilities


You were on level 2 of the Dungeon.
You were full.

You visited 1 branch of the dungeon, and saw 2 of its levels.

You collected 117 gold pieces.

Inventory:

Hand weapons
 j - a +0,+0 elven dagger
 k - a cursed -1,-1 dagger (weapon)
Missiles
 d - 7 javelins (quivered)
Armour
 a - a +0 robe (worn)
Scrolls
 e - a scroll of recharging {unknown}
 f - a scroll of random uselessness {unknown}
 g - a scroll of identify {unknown}
 m - a scroll of teleportation {unknown}
Potions
 i - a potion of curing {unknown}
 l - a potion of restore abilities {unknown}
Books
 c - a book of Conjurations

   Spells                             Type                      Level
   *Magic Dart                        Conjuration                  1
   *Searing Ray                       Conjuration                  2
   Dazzling Spray                     Conjuration/Hexes            3
   Iskenderun's Mystic Blast          Conjuration                  4
   Iskenderun's Battlesphere          Conjuration/Charms           4
   Fulminant Prism                    Conjuration/Hexes            5


   Skills:
 - Level 2.1 Dodging
 - Level 3.0 Stealth
 - Level 1.0 Spellcasting
 * Level 4.2 Conjurations


You had 2 spell levels left.
You knew the following spells:

 Your Spells              Type           Power        Failure   Level  Hunger
a - Magic Dart            Conj           ###.         3%          1    ##.....
s - Searing Ray           Conj           ###...       6%          2    ###....


Dungeon Overview and Level Annotations

Branches:
Dungeon (2/27)

Altars:


Innate Abilities, Weirdness & Mutations

Your natural rate of healing is unusually fast.
You have razor-sharp teeth.*
You have supernaturally acute eyesight.
You can survive without breathing.*
You have a pair of small antennae on your head.*


Message History

The rat barely misses you.
You hit the rat but do no damage. The rat barely misses you.
The rat barely misses you.
You closely miss the rat. The rat completely misses you. The rat misses you.
You completely miss the rat. The rat closely misses you. The rat bites you.
* * * LOW HITPOINT WARNING * * *
Drink which item? (? for menu, Esc to quit)
You feel very mighty all of a sudden.
It was a potion of might.
The rat bites you but does no damage. The rat bites you.
* * * LOW HITPOINT WARNING * * *
You barely miss the rat. The rat bites you but does no damage.
The rat closely misses you.
You barely miss the rat. The rat bites you.
* * * LOW HITPOINT WARNING * * *
The rat bites you but does no damage.
Drink which item? (? for menu, Esc to quit)
A pair of antennae grows on your head!
You feel fantastic!
It was a potion of beneficial mutation.
The rat bites you.
You die...

P. .. .## ..#
#.# #.#
#.###########
#...........#
#.####..###@#
#.# #..##rr#
#.# ####..r.
#.# #.$...
######.#
##....#
.....#.#
#...##
##....)#####
.####
#...##....# #
#######.#####


You could see 3 rats.

Vanquished Creatures
  An adder (D:2)
  A giant mite (D:2)
  A grey rat (D:2)
  A giant gecko (D:1)
  An ooze (D:1)
  2 ball pythons (D:2)
  5 bats
  3 giant cockroaches
  5 goblins
  6 hobgoblins
  6 kobolds
  3 giant newts
  16 rats
51 creatures vanquished.

Notes
Turn   | Place    | Note
--------------------------------------------------------------
     0 | D:1      | PolkaDot, the Vampire Conjurer, began the quest for the Orb.
     0 | D:1      | Reached XP level 1. HP: 13/13 MP: 4/4
   361 | D:1      | Reached XP level 2. HP: 19/19 MP: 2/5
  1334 | D:2      | Reached XP level 3. HP: 22/24 MP: 0/6
  1395 | D:2      | Learned a level 2 spell: Searing Ray
  1822 | D:2      | Reached skill level 4 in Conjurations
  2158 | D:2      | Reached XP level 4. HP: 15/30 MP: 4/8
  2185 | D:2      | Gained mutation: You have a pair of small antennae on your head. [potion of beneficial mutation]
  2185 | D:2      | Slain by a rat

Action                   |  1- 3 |  4- 6 || total
-------------------------+-------+-------++-------
Melee: Dagger            |    50 |    25 ||    75
Throw: Javelin           |     3 |       ||     3
 Cast: Magic Dart        |    78 |       ||    78
       Searing Ray       |     2 |       ||     2
  Use: Potion            |     3 |     2 ||     5
 Stab: Sleeping          |     1 |       ||     1
